 Dungeon Crawl Stone Soup version 0.30.1-11-g7821555f0a (webtiles) character file.

Game seed: 13032885931181120249

62764 groovy9 the Executioner (level 14, -11/138 HPs)
             Began as a Minotaur Berserker on Jan 10, 2024.
             Was a High Priest of Trog.
             Mangled by an eight-headed hydra simulacrum (38 damage)
             ... on level 4 of the Swamp.
             The game lasted 01:10:14 (17394 turns).

groovy9 the Executioner (Minotaur Berserker)       Turns: 17394, Time: 01:10:15

Health: -11/138    AC: 28    Str: 33    XL:     14   Next: 65%
Magic:  13/13      EV: 10    Int:  4    God:    Trog [*****.]
Gold:   1463       SH:  0    Dex: 13    Spells: 13/13 levels left

rFire   . . .        U - +9 battleaxe of the Eternal Warrior {freeze, rPois rCorr SInv}
rCold   . . .        (shield currently unavailable)
rNeg    . . .        J - +7 chain mail "Cientaid" {Dex+3}
rPois   +            (helmet restricted)
rElec   .            u - +0 cloak
rCorr   +            (no gloves)
SInv    +            m - +1 pair of boots
Will    +....        l - amulet of the acrobat Stlth
                     o - +4 ring of protection
HPRegen 0.43/turn    Z - +6 ring of strength
MPRegen 0.13/turn

%: acrobat
@: about to teleport
A: horns 2, retaliatory headbutt
a: Renounce Religion, Berserk, Trog's Hand, Brothers in Arms


You were on level 4 of the Swamp.
You worshipped Trog.
Trog was extremely pleased with you.
You visited 4 branches of the dungeon, and saw 19 of its levels.
You also visited: Bailey.

You collected 1463 gold pieces.

Inventory:

Hand Weapons
 v - a +2 heavy executioner's axe
 U - the +9 battleaxe of the Eternal Warrior (weapon) {freeze, rPois rCorr SInv}
   (You found it on level 3 of the Lair of Beasts)

   rPois:     It protects you from poison.
   SInv:      It lets you see invisible.
   rCorr:     It protects you from acid and corrosion.
Armour
 m - a +1 pair of boots (worn)
 p - the +3 ring mail of Jougakh {rElec Int-2 Dex+7}
   (You found it on level 3 of the Swamp)

   Int:       It affects your intelligence (-2).
   Dex:       It affects your dexterity (+7).
   rElec:     It insulates you from electricity.
 u - a +0 cloak (worn)
 J - the +7 chain mail "Cientaid" (worn) {Dex+3}
   (You found it on level 9 of the Dungeon)

   Dex:       It affects your dexterity (+3).
 O - the +0 ring mail of Fashionability {rF+ rC+ rN+}
   (You found it on level 2 of the Lair of Beasts)

   rF:        It protects you from fire.
   rC:        It protects you from cold.
   rN:        It protects you from negative energy.
Jewellery
 h - a +6 ring of strength
 l - an amulet of the acrobat (around neck)
 o - a +4 ring of protection (left hand)
 F - an amulet of magic regeneration
 Z - a +6 ring of strength (right hand)
Wands
 b - a wand of mindburst (5)
 f - a wand of charming (22)
 q - a wand of polymorph (18)
 y - a wand of flame (9)
 G - a wand of light (13)
 K - a wand of iceblast (5)
Scrolls
 a - a scroll of silence
 d - 4 scrolls of enchant armour
 i - 3 scrolls of immolation
 j - 2 scrolls of teleportation
 t - 3 scrolls of noise
 w - 2 scrolls of fear
 A - 2 scrolls of amnesia
 C - 3 scrolls of fog
 P - 2 scrolls of enchant weapon
 S - a scroll of magic mapping
 V - a scroll of blinking
 X - 2 scrolls of torment
Potions
 c - 7 potions of haste
 g - 7 potions of curing
 n - 2 potions of might
 r - a potion of cancellation
 s - 4 potions of heal wounds
 x - 4 potions of magic
 z - a potion of attraction
 B - 3 potions of flight
 D - 2 potions of brilliance {unknown}
 E - a potion of berserk rage
 H - 2 potions of lignification
 L - 2 potions of resistance
 N - 5 potions of degeneration
 Q - a potion of invisibility
 R - a potion of mutation {unknown}
 Y - a potion of ambrosia {unknown}
Miscellaneous
 e - a phial of floods
 k - a box of beasts


   Skills:
 + Level 16.7 Fighting
 - Level 21.5(21.6) Axes
 - Level 3.9(14.7) Maces & Flails
 + Level 14.6 Armour
 - Level 2.3 Dodging


You had 13 spell levels left.
You didn't know any spells.
Your spell library contained the following spells:

 Spells                   Type           Power      Damage    Failure   Level
 Sting                    Tmut/Pois      0%         1d3       82%         1
 Poisonous Vapours        Pois/Air       0%         N/A       91%         2
 Scorch                   Fire           0%         2d5       91%         2
 Portal Projectile        Hex/Tloc       0%         N/A       99%         3
 Tukima's Dance           Hex            0%         N/A       99%         3
 Flame Wave               Conj/Fire      0%         2d4       100%        4
 Olgreb's Toxic Radiance  Pois           0%         N/A       100%        4
 Blade Hands              Tmut           0%         N/A       100%        5
 Summon Cactus Giant      Summ           0%         N/A       100%        6


Dungeon Overview and Level Annotations

Branches:
Dungeon (9/15)             Temple (1/1) D:5            Lair (5/5) D:9
  Swamp (4/4) Lair:2        Snake (0/4) Lair:3        Slime (0/5) Lair:5
 Bailey (visited)
    Orc: D:9-12

Altars:
Ashenzari
Dithmenos
Elyvilon
Fedhas
Gozag
Kikubaaqudgha
Makhleb
Nemelex Xobeh
Okawaru
Qazlal
Sif Muna
Trog
Uskayaw
Vehumet
Wu Jian
Xom
Yredelemnul
Jiyva

Shops:
D:2 (


Innate Abilities, Weirdness & Mutations

You have a pair of horns on your head.
You reflexively headbutt those who attack you in melee.


Message History

Your surroundings suddenly seem different.
An ice dragon and 11 simulacra come into view.
Found a dagger and a potion of heal wounds.
The ice dragon roars deafeningly!
You hear a deafening roar!
An azure jelly comes into view.
An ice dragon comes into view. x2
The ice dragon is engulfed in freezing vapours.
The ice dragon breathes frost at you.
The blast of cold hits the four-headed hydra simulacrum.
The four-headed hydra simulacrum completely resists.
The blast of cold misses you.
The four-headed hydra simulacrum bites you but does no damage.
The four-headed hydra simulacrum misses you. x2
The four-headed hydra simulacrum barely misses you.
The eight-headed hydra simulacrum closely misses you.
You furiously retaliate!
You headbutt the eight-headed hydra simulacrum!
The eight-headed hydra simulacrum closely misses you.
The eight-headed hydra simulacrum bites you but does no damage.
The eight-headed hydra simulacrum completely misses you. x2
The eight-headed hydra simulacrum closely misses you.
The eight-headed hydra simulacrum bites you.
The eight-headed hydra simulacrum freezes you!!
The eight-headed hydra simulacrum closely misses you.
The ice dragon is engulfed in freezing vapours.
The alligator moves out of view.
As you read the scroll of teleportation, it crumbles to dust.
You feel strangely unstable.
The ice dragon roars deafeningly!
The four-headed hydra simulacrum bites you but does no damage.
The four-headed hydra simulacrum completely misses you.
The four-headed hydra simulacrum bites you.
The four-headed hydra simulacrum freezes you!!
The four-headed hydra simulacrum bites you but does no damage.
The eight-headed hydra simulacrum bites you.
The eight-headed hydra simulacrum freezes you!
* * * LOW HITPOINT WARNING * * *
The eight-headed hydra simulacrum bites you.
* * * LOW HITPOINT WARNING * * *
The eight-headed hydra simulacrum freezes you!!!
You die...

###### ##
###.≈≈≈~ #≈≈
##≈≈..≈J###~~≈
#≈≈.≈≈≈°≈°≈≈D.
#≈..≈≈D≈°≈≈!.≈
#≈.Z≈°≈≈§..≈≈≈
#≈≈.≈≈ZZZ≈≈≈≈≈
#≈..≈@Z§ZZ≈#
##.)Z°≈○≈###
#♣Z###### #Z.
#Z. #D.# #..
#.


You could see 3 ice dragons, an azure jelly, 3 eight-headed hydra simulacra, 5
six-headed hydra simulacra, a five-headed hydra simulacrum and 2 four-headed
hydra simulacra.

Vanquished Creatures
  Bai Suzhen (Swamp:3)
  The ghost of Gimnoub the Bludgeoner, a veteran AtFi of Ru (Swamp:3)
  A tentacled monstrosity (Swamp:3)
  Kirke (Swamp:2)
  A fenstrider witch (Swamp:4)
  2 eleionomae
  A shambling mangrove (Swamp:2)
  2 vault guards (Bailey)
  4 hydras
  5 alligators
  2 boulder beetles
  A catoblepas (Lair:5)
  A dancing weapon (Swamp:3)
  A swamp dragon (Swamp:1)
  3 spriggan druids
  3 goliath frogs (Swamp:2)
  Pikel (D:9)
  2 bog bodies
  3 steelbarb worms (Swamp:1)
  9 elephants
  A will-o-the-wisp (Swamp:2)
  6 black mambas
  Joseph (D:8)
  7 cane toads
  A rime drake (Lair:4)
  5 komodo dragons
  10 tyrant leeches
  Prince Ribbit (Bailey)
  6 polar bears
  6 hornets
  9 blink frogs
  2 dream sheep (Lair:5)
  Sigmund (D:6)
  15 spriggans
  32 yaks
  6 wyverns
  6 hogs (Swamp:2)
  4 basilisks
  4 humans (Bailey)
  3 vampire mosquitoes (Swamp:3)
  2 steam dragons (D:8)
  Grum (D:9)
  3 wargs (D:9)
  2 nagas (Lair:3)
  16 water moccasins
  19 swamp worms
  2 orc warriors
  4 swamp drakes
  3 sky beasts
  3 ice beasts
  7 black bears
  2 ogres
  4 boggarts (Lair:5)
  26 wolves
  A centaur (D:5)
  2 lemures (D:9)
  A kobold brigand (D:8)
  18 bullfrogs
  2 scorpions (D:5)
  A killer bee (D:8)
  4 hounds
  A jelly (D:8)
  2 gnoll boudas
  9 orc priests
  Jessica (D:2)
  4 iguanas
  11 orc wizards
  5 hell rats (Lair:1)
  A mummy (D:8)
  7 adders
  10 gnolls
  A white imp (D:5)
  An ufetubus (D:6)
  A worm (D:5)
  The ghost of mkat the Sneak, a weakling DsDe (D:5)
  3 dart slugs
  37 orcs
  7 ball pythons
  4 endoplasms
  3 giant cockroaches
  12 goblins
  10 hobgoblins
  5 quokkas
  10 bats
  6 frilled lizards
  4 kobolds
  5 rats
455 creatures vanquished.

Vanquished Creatures (others)
  3 bloated husks
  A swamp worm (Swamp:4)
  2 foxfires (Swamp:2)
6 creatures vanquished.

Grand Total: 461 creatures vanquished

Notes
Turn   | Place    | Note
-------+----------+-------------------------------------------
     0 | D:1      | groovy9 the Minotaur Berserker began the quest for the Orb.
     0 | D:1      | Reached XP level 1. HP: 19/19 MP: 0/0
   175 | D:1      | Reached skill level 4 in Axes
   175 | D:1      | Reached XP level 2. HP: 27/27 MP: 1/1
   454 | D:1      | Reached ** piety under Trog
   600 | D:2      | Reached XP level 3. HP: 31/33 MP: 2/2
   710 | D:2      | Noticed Jessica
   713 | D:2      | Killed Jessica
   714 | D:2      | Reached skill level 5 in Axes
   714 | D:2      | Reached XP level 4. HP: 33/41 MP: 3/3
   845 | D:2      | Found Unun's Antique Weapon Shop.
  1114 | D:2      | Reached XP level 5. HP: 45/47 MP: 4/4
  1271 | D:3      | Found a bloodstained altar of Trog.
  1286 | D:3      | Found an opulent altar of Gozag.
  1360 | D:3      | Reached skill level 6 in Axes
  1682 | D:3      | Found an ancient bone altar of Kikubaaqudgha.
  1704 | D:3      | Found a shimmering blue altar of Sif Muna.
  1718 | D:3      | Reached skill level 5 in Fighting
  1788 | D:3      | Found a radiant altar of Vehumet.
  2254 | D:4      | You fall into a shaft and drop 3 floors!
  2268 | D:7      | Noticed a sky beast
  2284 | D:7      | HP: 2/48 [something (6)]
  2287 | D:7      | Killed a sky beast
  2288 | D:7      | Reached skill level 7 in Axes
  2288 | D:7      | Reached XP level 6. HP: 4/56 MP: 5/5
  2491 | D:5      | Entered Level 5 of the Dungeon
  2491 | D:5      | Noticed a water moccasin
  2495 | D:5      | Killed a water moccasin
  2496 | D:5      | Reached skill level 8 in Axes
  2519 | D:5      | Reached XP level 7. HP: 49/61 MP: 6/6
  2708 | D:5      | Found a staircase to the Ecumenical Temple.
  2716 | D:5      | Reached *** piety under Trog
  2734 | Temple   | Entered the Ecumenical Temple
  2858 | D:5      | Reached skill level 9 in Axes
  3138 | D:5      | Found a runed translucent door.
  3138 | D:5      | Noticed mkat's ghost (weakling DsDe)
  3143 | D:5      | Killed mkat's ghost
  3151 | D:5      | Found a runed translucent door.
  3300 | D:5      | Found a sparkling altar of Nemelex Xobeh.
  3559 | D:6      | Reached XP level 8. HP: 70/70 MP: 7/7
  3609 | D:6      | Noticed Sigmund
  3623 | D:6      | Reached skill level 10 in Axes
  3623 | D:6      | Reached skill level 5 in Armour
  3625 | D:6      | Killed Sigmund
  4073 | D:7      | Reached skill level 11 in Axes
  4128 | D:7      | Reached **** piety under Trog
  4259 | D:7      | Reached skill level 12 in Axes
  4401 | D:7      | Reached XP level 9. HP: 78/78 MP: 8/8
  4697 | D:8      | Found a flagged portal.
  4713 | Bailey   | Entered a bailey
  4779 | Bailey   | Reached skill level 13 in Axes
  4936 | Bailey   | Noticed Prince Ribbit
  4936 | Bailey   | Noticed a vault guard
  4944 | Bailey   | Killed a vault guard
  4945 | Bailey   | Reached skill level 14 in Axes
  4956 | Bailey   | Killed Prince Ribbit
  5044 | Bailey   | Noticed a vault guard
  5052 | Bailey   | Killed a vault guard
  5053 | Bailey   | Reached skill level 15 in Axes
  5053 | Bailey   | Reached XP level 10. HP: 53/88 MP: 9/9
  5580 | D:8      | Noticed Joseph
  5593 | D:8      | Killed Joseph
  5724 | D:8      | Found a shimmering altar of Xom.
  5730 | D:8      | Found a basalt altar of Yredelemnul.
  5735 | D:8      | Found a blossoming altar of Fedhas.
  5897 | D:8      | Reached skill level 16 in Axes
  6106 | D:9      | Found a staircase to the Lair.
  6245 | D:9      | Paralysed by a hornet for 1 turns
  6401 | D:9      | Identified the +7 chain mail "Cientaid" {Dex+3}
  6623 | D:9      | Noticed Pikel
  6629 | D:9      | Killed Pikel
  6803 | D:9      | Noticed Grum
  6991 | D:9      | Reached XP level 11. HP: 95/95 MP: 10/10
  7003 | D:9      | Killed Grum
  7004 | D:9      | Reached skill level 17 in Axes
  7333 | Lair:1   | Entered Level 1 of the Lair of Beasts
  7529 | Lair:1   | Reached ***** piety under Trog
  7993 | Lair:1   | Found a hide-covered altar of Uskayaw.
  7993 | Lair:1   | Found an ornate altar of the Wu Jian Council.
  7993 | Lair:1   | Noticed a boulder beetle
  7999 | Lair:1   | Killed a boulder beetle
  8000 | Lair:1   | Reached skill level 18 in Axes
  8286 | Lair:2   | Reached skill level 10 in Fighting
  8292 | Lair:2   | Found a staircase to the Swamp.
  8293 | Lair:2   | Noticed a bog body
  8308 | Lair:2   | Killed a bog body
  8543 | Lair:2   | Reached skill level 10 in Armour
  8666 | Lair:2   | Reached skill level 1 in Maces & Flails
  8699 | Lair:2   | Reached XP level 12. HP: 105/110 MP: 11/11
  9078 | Lair:2   | Identified the +0 ring mail of Fashionability {rF+ rC+ rN+}
  9358 | Lair:3   | Noticed a boulder beetle
  9372 | Lair:3   | Killed a boulder beetle
  9377 | Lair:3   | Found a staircase to the Snake Pit.
  9786 | Lair:3   | Paralysed by a hornet for 3 turns
 10054 | Lair:3   | Identified the +9 battleaxe of the Eternal Warrior {freeze,
                  | rPois rCorr SInv}
 10112 | Lair:3   | Noticed a five-headed hydra
 10116 | Lair:3   | Killed a seven-headed hydra
 11026 | Lair:4   | Received a gift from Trog
 11216 | Lair:4   | Reached skill level 19 in Axes
 11819 | Lair:5   | Entered Level 5 of the Lair of Beasts
 11913 | Lair:5   | Found a viscous altar of Jiyva.
 11914 | Lair:5   | Found a staircase to the Slime Pits.
 11949 | Lair:5   | Noticed an eight-headed hydra
 11960 | Lair:5   | Killed a 13-headed hydra
 11961 | Lair:5   | Reached XP level 13. HP: 98/122 MP: 12/12
 12363 | Lair:5   | Received a gift from Trog
 12720 | Lair:5   | Reached skill level 20 in Axes
 13271 | Swamp:1  | Entered Level 1 of the Swamp
 13742 | Swamp:1  | Reached ****** piety under Trog
 13945 | Swamp:1  | Reached skill level 15 in Fighting
 14649 | Swamp:2  | Noticed Kirke
 14666 | Swamp:2  | Killed Kirke
 14667 | Swamp:2  | Reached XP level 14. HP: 100/135 MP: 13/13
 14969 | Swamp:2  | Found a basalt altar of Yredelemnul.
 15353 | Swamp:2  | Reached skill level 21 in Axes
 15828 | Swamp:3  | Identified the +3 ring mail of Jougakh {rElec Int-2 Dex+7}
 15837 | Swamp:3  | Noticed Bai Suzhen
 15855 | Swamp:3  | Killed Bai Suzhen
 16482 | Swamp:3  | Found a runed translucent door.
 16482 | Swamp:3  | Found a shimmering altar of Xom.
 16482 | Swamp:3  | Noticed Gimnoub's ghost (veteran AtFi)
 16506 | Swamp:3  | Killed Gimnoub's ghost
 16649 | Swamp:3  | Noticed a tentacled monstrosity
 16672 | Swamp:3  | Killed a tentacled monstrosity
 16978 | Swamp:4  | Entered Level 4 of the Swamp
 17145 | Swamp:4  | Noticed a fenstrider witch
 17149 | Swamp:4  | Killed a fenstrider witch
 17393 | Swamp:4  | Noticed an azure jelly
 17394 | Swamp:4  | Mangled by an eight-headed hydra simulacrum

Illustrated notes

Levels and vault maps discovered:
D:1:      sevenhm_arrival_forest_fort_small_5, layout_rooms
D:2:      cheibrodos_pilgrimage, layout_rooms, serial_shops, shop,
          palyth_stone_intersect, dreamdust_mushroom_princess, uniq_jessica
D:3:      layout_loops_corners, palyth_temple_overflow_mages,
          general_overflow_altar, nicolae_gozag_seed_capital
D:4:      layout_cave_pools, chequers_serial_rivers_marsh
D:5:      layout_basic, nemelex_altar_shiori, minmay_temple_entry_large_hall,
          ebering_ghost_sewer_f
D:6:      layout_rooms, corexii_item_surrounded_by_moat, uniq_sigmund
D:7:      layout_loops_ring
D:8:      layout_loops_ring, minmay_overflow_temple_star_quad, enter_bailey_5,
          gup_ossuary_entry_pyramid, hangedman_minor_gate_pass, uniq_joseph
D:9:      hellmonk_ruined_rings, layout_grid_maze, erik_lair_orcish_takeover,
          uniq_grum, uniq_pikel, uniq_prince_ribbit1
Temple:   nicolae_temple_ecumenical_triangle
Lair:1:   layout_roguey, nzn_masters_of_martial_movement, grunt_megastairs_2,
          infiniplex_staircase_pool_2
Lair:2:   layout_loops_ring, skrybe_swamp_entry_bodies, serial_bayou_crossing,
          lemuel_fruit_tree, serial_bayou_shore_b
Lair:3:   layout_layer_cave, guppyfry_snake_entry_garden
Lair:4:   layout_roguey, lemuel_another_geyser
Lair:5:   minmay_lair_end_enchanted_forest, layout_cave_pods, slime_entry_1,
          minivault_11
Swamp:1:  layout_basic_swamp, hangedman_swamp_ruin_wall, swamp_pool5,
          nicolae_swamp_vermiculated
Swamp:2:  layout_falls_marsh, evilmike_swamp_ruin_rubble_2,
          lemuel_altar_in_water, uniq_kirke
Swamp:3:  cheibrodos_swamp_monstrosity, layout_basic_swamp, ebering_ghost_xom,
          serial_swamp_ruin, evilmike_swamp_ruin_house_5,
          evilmike_swamp_ruin_house_4, swamp_pool1, uniq_bai_suzhen
Swamp:4:  swamp_icy, layout_basic_swamp, swamp_pool5

Skill      XL: |  1  2  3  4  5  6  7  8  9 10 11 12 13 14 |
---------------+-------------------------------------------+-----
Axes           | 4 5 7 8 9 12 15 16 18 19 20 21 | 21.5
Fighting       | 4 5 6 7 8 11 13 15 16 | 16.7
Armour         | 3 4 5 7 8 10 12 13 14 | 14.6
Maces & Flails | 2 3 |  3.9
Dodging        | |  2.3

Action                     |  1- 3 |  4- 6 |  7- 9 | 10-12 | 13-15 || total
---------------------------+-------+-------+-------+-------+-------++-------
  Melee: Hand axe          |    69 |    76 |       |       |       ||   145
         Headbutt          |     9 |    14 |    44 |    98 |    78 ||   243
         Broad axe         |       |    28 |   203 |   362 |       ||   593
         Battleaxe         |       |       |       |   111 |   408 ||   519
 Invoke: Berserk           |       |     2 |       |     1 |     2 ||     5
    Use: Scroll            |       |     4 |     4 |    13 |     5 ||    26
         Potion            |       |       |     5 |       |     1 ||     6
 Armour: Leather armour    |    30 |     4 |       |       |       ||    34
         Chain mail        |       |    53 |    80 |   173 |   182 ||   488
         Plate armour      |       |       |       |    36 |       ||    36
  Dodge: Dodged            |    49 |    52 |   106 |   191 |   188 ||   586
  Block: Buckler           |     6 |    14 |    27 |    31 |       ||    78
